cohdb
Replays
Latest Replays
All Replays
Popular Replays
Top Player Replays
Match Explorer
How It Works
Community
CoH3 Stats
Reddit
Sign in to upload your games and track your stats! →
Sign in with Steam
Match 45829460
Unlisted
Match 45829460
Overview
Messages
Build Orders
End
Royal Engineer Section
Construct Section Command Post
Dingo Light Scout Car
Infantry Section
Infantry Section
Construct Platoon Command Post
Unlock M3 Stuart Light Tanks
Selects Heavy Armor Battlegroup
Selects Rigorous Vehicle Training
Selects Forward Repair Assembly
M3 Stuart Light Tank
Light Vehicle Training
M3 Stuart Light Tank
M3 Stuart Light Tank
Grenade Package
6-pounder Anti-tank Gun Team
Infantry Section
Infantry Training
Selects Churchill Black Prince Heavy Tank
Churchill Black Prince Heavy Tank
Armored Vehicle Training
Unlock Bishop Self-propelled Artillery
Selects Light Vehicle Withdraw and Refit
Selects UNKNOWN (202330)
Construct Company Command Post
Selects Recon Artillery
Recon Artillery
nub
oziligath
Ayeyoooo
Olmak
LECHU
Sidney
[ЯΞПΞGΔ2]DRAGO
[DziczeDzieci]Cygan
0
0
Comments
sign in to comment!
No comments posted yet!